 Dungeon Crawl Stone Soup version 0.28-a0-556-gab23d0e057 (webtiles) character file.

Game seed: 1821441535750737617

429 willcat the Sneak (level 7, -9/52 HPs)
             Began as a Human Delver on Sept 28, 2021.
             Killed from afar by Pikel (32 damage)
             ... with a bolt of acid
             ... on level 7 of the Dungeon.
             The game lasted 00:02:32 (1553 turns).

willcat the Sneak (Human Delver)                    Turns: 1553, Time: 00:02:33

Health: -9/52      AC:  3    Str: 12    XL:     7   Next: 19%
Magic:  7/7        EV: 13    Int: 12    God:
Gold:   3          SH:  0    Dex: 15    Spells: 6/6 levels left

rFire   . . .      SeeInvis .   a - +0 short sword
rCold   . . .      Faith    .   (no shield)
rNeg    . . .      Spirit   .   b - +0 leather armour
rPois   .          Reflect  .   (no helmet)
rElec   .          Harm     .   (no cloak)
rCorr   .          Rampage  .   (no gloves)
Will    .....                   (no boots)
Stlth   +++.......              (no amulet)
HPRegen 0.17/turn               (no ring)
MPRegen 0.10/turn               (no ring)

@: no status effects
A: no striking features
a: no special abilities


You were on level 7 of the Dungeon.
You visited 1 branch of the dungeon, and saw 3 of its levels.

You collected 3 gold pieces.

Inventory:

Hand Weapons
 a - a +0 short sword (weapon)
Missiles
 m - 13 poisoned darts (quivered)
Armour
 b - a +0 leather armour (worn)
Wands
 g - a wand of digging (3)
 l - a wand of paralysis (1)
Scrolls
 c - a scroll of fog
 d - a scroll of magic mapping
 e - a scroll of fear
 h - a scroll of amnesia {unknown}
 i - a scroll of identify {unknown}
 j - a scroll of summoning {unknown}
Potions
 f - a potion of haste
 k - a potion of degeneration {unknown}
 n - a potion of brilliance {unknown}


   Skills:
 - Level 3.0 Fighting
 + Level 4.1 Short Blades
 + Level 4.1 Dodging
 + Level 6.4 Stealth
 + Level 2.2 Evocations


You had 6 spell levels left.
You didn't know any spells.
Your spell library was empty.

Dungeon Overview and Level Annotations

Branches:
Dungeon (7/15)
 Temple: D:4-7

Altars:
Uskayaw

Annotations:
D:7 Pikel


Message History

The hound misses you. The hound bites you. The hound bites you.
The hound bites you. The hound bites you. The hound barely misses you.
The hound bites you. The hound misses you.
You see here a hound corpse.
The hound bites you. The hound closely misses you. The hound bites you.
The hound closely misses you. The hound bites you. The hound barely misses you.
There is a stone staircase leading down here.
The hound closely misses you. x2
You climb downwards.
Found 28 gold pieces.
There is a stone staircase leading up here.
Unknown command.
Found a whip.
The hound bites you but does no damage. The hound barely misses you.
The hound bites you.
A lemure and Pikel come into view.
Pikel is wielding a +1 whip of freezing and carrying a wand of acid (10).
Pikel shouts!
The lemure shouts!
You hear a shout! x2; You hear a bellow!
The hound bites you. The hound misses you.
A lemure comes into view. x3
The lemure shouts!
You hear a bellow!
A yak comes into view.
The lemure barely misses you.
A water moccasin comes into view.
The hound closely misses you. The hound bites you.
Pikel says, "You'll burn in Gehenna!"
Pikel zaps a wand.
The bolt of acid misses you.
A white imp comes into view.
Pikel zaps a wand.
The bolt of acid hits you!!
Ouch! That really hurt!
You die...

#............
#<.......##
####..##$#
#..##.###..
.######.....5...#
.........#..#....
#####.5.K..Y....
#h.##..#.#.. #@.#
..# #
..........#.##
.............
#######........
....#.##.
#.......
#...#.##. #..5#..


You could see Pikel, 2 lemures, a hound and a white imp (asleep).

Vanquished Creatures
  A black bear (D:6)
  A bullfrog (D:6)
  A scorpion (D:6)
  2 hounds
  2 jellies
  2 iguanas
  A hound zombie (D:5)
  A howler monkey skeleton (D:6)
  2 adders
  An orc (D:5)
14 creatures vanquished.

Notes
Turn   | Place    | Note
-------+----------+-------------------------------------------
     0 | D:5      | willcat the Human Delver began the quest for the Orb.
     0 | D:5      | Reached XP level 1. HP: 18/18 MP: 1/1
    23 | D:5      | Reached XP level 2. HP: 11/24 MP: 2/2
   307 | D:5      | Reached XP level 3. HP: 13/29 MP: 3/3
   546 | D:5      | Reached XP level 4. HP: 35/35 MP: 4/4
   689 | D:5      | Found a hide-covered altar of Uskayaw.
   697 | D:5      | Reached XP level 5. HP: 41/41 MP: 5/5
   761 | D:5      | Noticed a phantom
  1237 | D:6      | Noticed a black bear
  1247 | D:6      | Killed a black bear
  1248 | D:6      | Reached skill level 6 in Stealth
  1248 | D:6      | Reached skill level 1 in Evocations
  1248 | D:6      | Reached XP level 6. HP: 47/47 MP: 6/6
  1352 | D:6      | Reached XP level 7. HP: 52/52 MP: 7/7
  1548 | D:7      | Noticed Pikel
  1549 | D:7      | Noticed a yak
  1550 | D:7      | Noticed a water moccasin
  1553 | D:7      | Killed from afar by Pikel

Illustrated notes

Levels and vault maps discovered:
D:5:      layout_basic, nicolae_dithmenos_shadow_blocks,
          nicolae_uskayaw_murder_on_the_dancefloor,
          minmay_temple_entry_sparse_star, hangedman_decor_peaks_small,
          uniq_edmund, uniq_crazy_yiuf_cottage, uniq_duvessa
D:6:      layout_loops_ring, minmay_between
D:7:      layout_basic, gammafunk_ghost_cemetery, uniq_pikel

Skill      XL: |  1  2  3  4  5  6 |
---------------+-------------------+-----
Short Blades   | 3 4 |  4.1
Dodging        | 3 4 |  4.1
Stealth        | 6 |  6.4
Evocations     | 1 2 |  2.2
Fighting       | |  3.0

Action                   |  1- 3 |  4- 6 |  7- 9 || total
-------------------------+-------+-------+-------++-------
Melee: Short sword       |    19 |    39 |     2 ||    60
Evoke: Wand              |       |     6 |       ||     6
 Stab: Sleeping          |     2 |     4 |     1 ||     7
       Paralysed         |       |     4 |       ||     4
Armor: Leather armour    |       |     3 |     4 ||     7
Dodge: Dodged            |    13 |    23 |    21 ||    57

Table legend: (Time is in decaauts)
 A = Elapsed time spent in this place.
 B = Non-inter-level travel time spent in this place.
 C = Inter-level travel time spent in this place.
 D = Time resting spent in this place.
 E = Time spent auto-exploring this place.
 F = Levels seen in this place.
 G = Mean time per level.
                   A        B        C        D        E       F      G
               +--------+--------+--------+--------+--------+-----+--------+
         Total |   1548 |   1530 |     18 |    476 |    764 |   3 |  516.0 |
       Dungeon |   1548 |   1530 |     18 |    476 |    764 |   3 |  516.0 |
               +--------+--------+--------+--------+--------+-----+--------+

Top non-repeatable levels by time:
     D:5: 789 daAuts
     D:6: 749 daAuts
     D:7: 9 daAuts
